 Dungeon Sprint DCSS version 0.28.0 (webtiles) character file.

Game seed: 14448629604645520721

20296 rocky1 the Peltast (level 13, -10/113 HPs)
             Began as a Formicid Fighter on Feb 11, 2022.
             Was the Champion of Cheibriados.
             Killed from afar by an ice dragon (31 damage)
             ... with a blast of cold
             ... in the Dungeon (Sprint IX: "|||||||||||||||||||||||||||||").
             The game lasted 00:20:12 (3142 turns).

rocky1 the Peltast (Formicid Fighter)               Turns: 3142, Time: 00:20:13

Health: -10/113    AC: 24    Str: 41    XL:     13   Next: 11%
Magic:  8/23       EV: 18    Int: 23    God:    Cheibriados [******]
Gold:   1241       SH: 10    Dex: 25    Spells: 13/23 levels left

rFire   + + +      SeeInvis +   j - +2 scimitar "Ososiyw" {flame, *Rage Fly rF+++ rN+}
rCold   . . .      Faith    .   c - +0 buckler
rNeg    + . .      Spirit   .   l - +1 chain mail
rPois   .          Reflect  .   (helmet unavailable)
rElec   .          Harm     .   t - +1 cloak
rCorr   .          Rampage  .   k - +0 pair of gloves
Will    +....                   r - +1 pair of boots
Stlth   ..........              (no amulet)
HPRegen 0.28/turn               a - +2 ring of protection
MPRegen 0.18/turn               b - +2 ring of protection

@: flying, very slow
A: permanent stasis, dig shafts and tunnels, antennae 3, four strong arms
a: Dig, Renounce Religion, Bend Time, Temporal Distortion, Slouch, Step From
Time


You were in the Dungeon.
You worshipped Cheibriados.
Cheibriados was exalted by your worship.
You visited 1 branch You collected 1947 gold pieces.
You spent 706 gold pieces at shops.

Inventory:

Hand Weapons
 j - the +2 scimitar "Ososiyw" (weapon) {flame, *Rage Fly rF+++ rN+}
   (You found it in the Dungeon)

   It burns those it strikes, dealing additional fire damage.
   Big, fiery blades are also staple armaments of hydra-hunters.
   rF:        It renders you almost immune to fire.
   rN:        It protects you from negative energy.
   Fly:       It grants you flight.
   *Rage:     It berserks you when you make melee attacks (+20% chance).
Armour
 c - a +0 buckler (worn)
 k - a +0 pair of gloves (worn)
 l - a +1 chain mail (worn)
 r - a +1 pair of boots (worn)
 t - a +1 cloak (worn)
Jewellery
 a - a +2 ring of protection (left hand)
 b - a +2 ring of protection (right hand)
 v - a ring of wizardry
Wands
 d - a wand of polymorph (1)
 i - a wand of acid (3)
Scrolls
 h - 2 scrolls of amnesia
 p - 4 scrolls of enchant weapon
 q - 2 scrolls of fog
 s - 2 scrolls of holy word
 u - 2 scrolls of enchant armour
Potions
 e - 2 potions of curing
 g - 4 potions of magic
 m - 3 potions of brilliance
 o - a potion of mutation


   Skills:
 + Level 14.2 Fighting
 + Level 14.9 Long Blades
 + Level 13.1 Armour
 + Level 10.7 Dodging
 + Level 17.7 Shields
 + Level 5.6 Spellcasting
 + Level 13.6 Invocations
 + Level 9.8 Evocations


You had 13 spell levels left.
You knew the following spells:

 Your Spells              Type           Power      Damage    Failure   Level
a - Iron Shot             Conj/Erth      3%         9d2       100%        6
b - Animate Armour        Summ/Erth      12%        N/A       94%         4

Your spell library contained the following spells:

 Spells                   Type           Power      Damage    Failure   Level
 Blade Hands              Tmut           3%         N/A       100%        5


Dungeon Overview and Level Annotations

Branches:
Dungeon (1/1)

Altars:
Cheibriados
Dithmenos
Elyvilon
Fedhas
Gozag
Hepliaklqana
Kikubaaqudgha
Makhleb
Nemelex Xobeh
Okawaru
Qazlal
Ru
Sif Muna
Trog
Uskayaw
Vehumet
Wu Jian
Xom
Yredelemnul
Zin
The Shining One
Beogh
Jiyva
Lugonu

Shops:
D :?[:


Innate Abilities, Weirdness & Mutations

You cannot be hasted, slowed, berserked, paralysed or teleported.
You can dig through walls and to a lower floor.
You have a pair of large antennae on your head. (SInv)
Your four strong arms can wield two-handed weapons with a shield.


Message History

You block the lich's attack.
You slash the lich! You burn the lich.
The lich is heavily damaged.
The lich touches you.
* * * LOW HITPOINT WARNING * * *
You slash the lich! You burn the lich.
The lich is severely damaged.
The lich closely misses you.
An ice dragon comes into view.
The ice dragon roars deafeningly!
You slice the lich!! You burn the lich.
You destroy the lich!
Cheibriados thoroughly appreciates the change of pace.
The ice dragon breathes frost at you. The blast of cold misses you.
Things that are here:
a +0 dagger; a +0 robe; a manticore corpse
Things that are here:
a +0 great mace; a +0 chain mail The ice dragon barely misses you.
The ice dragon claws you but does no damage.
The ice dragon barely misses you. The ice dragon completely misses you.
The ice dragon barely misses you. You block the ice dragon's attack.
You slice the ice dragon!! You burn the ice dragon.
The ice dragon is heavily wounded.
The ice dragon closely misses you.
The ice dragon claws you but does no damage.
The ice dragon tramples you but does no damage.
You slash the ice dragon! You burn the ice dragon.
The ice dragon is heavily wounded.
The ice dragon bites you but does no damage.
The ice dragon claws you but does no damage.
The ice dragon tramples you.
* * * LOW HITPOINT WARNING * * *
You are shoved backwards!
You slash the ice dragon! You burn the ice dragon!
The ice dragon is almost dead.
The ice dragon breathes frost at you. The blast of cold hits you!!
You die...

▓_▓.▓.▓.▓.▓.▓.▓,*{*,*,*,*,*,*,
▓_▓.▓.▓.▓)▓.▓?▓,*{*,*,*,*,*,*,
▓'▓)▓†▓.▓)▓.▓.▓,*{*,*,*,*,*,*,
▓.▓.▓.▓.▓.▓.▓†▓,*{*,*,*,*,*,*,
▓?▓.▓.▓.▓.▓.▓)▓,*{*,*,*,*,*,*,
▓)▓.▓.▓.▓.▓.▓)▓,*{*,*,*,*,*,*,
▓.▓.▓.▓.▓)▓.▓)▓,*+*,*,*,*,*,*,
▓.▓.▓.▓.▓∩▓.▓)▓,*{*,*,*,*,*,*,
▓[▓.▓.▓.▓.▓.▓@▓,*{*,*,*,*,*,*,
▓[▓.▓.▓.▓∩▓.▓D▓,*{*,*,*,*,*,*,
▓.▓.▓.▓.▓)▓.▓)▓,*{*,*,*,*,*,*+
▓.▓.▓.▓.▓∩▓.▓[▓,*{*,*,*,*,*,*,
▓)▓.▓)▓.▓)▓.▓.▓,*{*,*,*,*,*,*,
▓)▓.▓.▓)▓∩▓.▓.▓,*{*,*,*,*,*,*,
▓.▓.▓?▓.▓.▓.▓.▓,*{*,*,*,*,*,*,
▓.▓.▓'▓†▓.▓.▓.▓,*{*,*,*,*,*,*,
▓.▓.▓.▓.▓.▓.▓.▓{*+*,*,*,*,*,*,


You could see an ice dragon (catching breath).

Vanquished Creatures
  A lich (D)
  A fire giant (D)
  Josephine (D)
  An ice dragon (D)
  A spriggan air mage (D)
  A centaur warrior (D)
  A deep troll earth mage (D)
  A death knight (D)
  A tengu warrior (D)
  2 orc high priests (D)
  5 orc knights (D)
  A wizard (D)
  2 manticores (D)
  2 orc sorcerers (D)
  An ugly thing (D)
  3 elephants (D)
  3 black mambas (D)
  Joseph (D)
  2 cane toads (D)
  A rime drake (D)
  A komodo dragon (D)
  A polar bear (D)
  A slime creature (D)
  A basilisk (D)
  6 wraiths (D)
  A wyvern (D)
  3 yaks (D)
  Grum (D)
  2 wargs (D)
  3 water moccasins (D)
  3 hell hounds (D)
  11 orc warriors (D)
  An ogre (shapeshifter) (D)
  6 wolves (D)
  A kobold brigand (D)
  A bullfrog (D)
  2 killer bees (D)
  6 orc priests (D)
  A gnoll shaman (D)
  2 iguanas (D)
  2 orc wizards (D)
  14 orcs (D)
  A ball python (D)
  A bat skeleton (D)
  A bat zombie (D)
  An endoplasm (D)
  A jackal (D)
  A frilled lizard (D)
  A rat (D)
109 creatures vanquished.

Vanquished Creatures (others)
  An efreet (D)
  A vampire (D)
2 creatures vanquished.

Grand Total: 111 creatures vanquished

Notes
Turn   | Place    | Note
-------+----------+-------------------------------------------
     0 | D        | rocky1 the Formicid Fighter began the quest for the Orb.
     0 | D        | Reached XP level 1. HP: 18/18 MP: 1/1
     5 | D        | Reached skill level 4 in Shields
    51 | D        | Noticed a gnoll shaman
    51 | D        | Noticed an iguana
    51 | D        | Noticed an iguana
    54 | D        | Reached XP level 2. HP: 24/24 MP: 2/2
    55 | D        | Reached skill level 5 in Shields
    59 | D        | Reached skill level 6 in Shields
    59 | D        | Reached XP level 3. HP: 15/29 MP: 3/3
    63 | D        | Reached skill level 5 in Long Blades
    63 | D        | Reached skill level 7 in Shields
    63 | D        | Reached XP level 4. HP: 35/35 MP: 4/4
    65 | D        | Reached skill level 8 in Shields
    71 | D        | Found a snail-covered altar of Cheibriados.
    71 | D        | Found a shadowy altar of Dithmenos.
    71 | D        | Found a white marble altar of Elyvilon.
    71 | D        | Found a blossoming altar of Fedhas.
    71 | D        | Found an opulent altar of Gozag.
    72 | D        | Found a hazy altar of Hepliaklqana.
    73 | D        | Found a viscous altar of Jiyva.
    74 | D        | Found an ancient bone altar of Kikubaaqudgha.
    75 | D        | Found a corrupted altar of Lugonu.
    76 | D        | Found a burning altar of Makhleb.
    77 | D        | Found a sparkling altar of Nemelex Xobeh.
    83 | D        | Became a worshipper of Cheibriados the Contemplative
   172 | D        | Found an iron altar of Okawaru.
   173 | D        | Found a stormy altar of Qazlal.
   174 | D        | Found a sacrificial altar of Ru.
   175 | D        | Found a shimmering blue altar of Sif Muna.
   176 | D        | Found a bloodstained altar of Trog.
   177 | D        | Found a hide-covered altar of Uskayaw.
   178 | D        | Found a radiant altar of Vehumet.
   179 | D        | Found an ornate altar of the Wu Jian Council.
   180 | D        | Found a shimmering altar of Xom.
   181 | D        | Found a basalt altar of Yredelemnul.
   182 | D        | Found a glowing silver altar of Zin.
   183 | D        | Found a glowing golden altar of the Shining One.
   199 | D        | Got the +2 scimitar "Ososiyw" {flame, *Rage Fly rF+++ rN+}
   232 | D        | Noticed a kobold brigand
   232 | D        | Noticed a yak
   232 | D        | Noticed an orc warrior
   235 | D        | Reached skill level 1 in Invocations
   235 | D        | Reached skill level 1 in Evocations
   235 | D        | Reached XP level 5. HP: 41/41 MP: 5/5
   238 | D        | Killed a kobold brigand
   243 | D        | Killed a yak
   243 | D        | Reached * piety under Cheibriados
   244 | D        | Reached skill level 5 in Fighting
   244 | D        | Reached skill level 5 in Armour
   244 | D        | Reached skill level 9 in Shields
   244 | D        | Reached XP level 6. HP: 26/51 MP: 5/9
   258 | D        | Killed an orc warrior
   258 | D        | Reached ** piety under Cheibriados
   259 | D        | Reached skill level 5 in Invocations
   259 | D        | Reached XP level 7. HP: 21/57 MP: 7/10
   651 | D        | Noticed a manticore
   651 | D        | Noticed a vampire
   651 | D        | Noticed a cyan ugly thing
   651 | D        | Noticed an efreet
   651 | D        | Noticed a death knight
   651 | D        | Noticed a wraith
   656 | D        | Killed a manticore
   656 | D        | Reached *** piety under Cheibriados
   657 | D        | Reached skill level 5 in Dodging
   657 | D        | Reached skill level 11 in Shields
   657 | D        | Reached XP level 8. HP: 58/64 MP: 11/11
   658 | D        | Killed a cyan ugly thing
   659 | D        | Killed a vampire
   659 | D        | Killed an efreet
   660 | D        | Reached skill level 10 in Long Blades
   660 | D        | Reached skill level 12 in Shields
   660 | D        | Reached XP level 9. HP: 63/69 MP: 12/12
   667 | D        | Killed a death knight
   671 | D        | Reached **** piety under Cheibriados
  1074 | D        | Noticed Joseph
  1089 | D        | Killed Joseph
  1090 | D        | Reached skill level 10 in Armour
  1090 | D        | Reached skill level 13 in Shields
  1476 | D        | Noticed a komodo dragon
  1476 | D        | Noticed a cane toad
  1476 | D        | Noticed a black mamba
  1476 | D        | Noticed a black mamba
  1477 | D        | Killed a black mamba
  1477 | D        | Reached ***** piety under Cheibriados
  1477 | D        | Killed a black mamba
  1478 | D        | Reached XP level 10. HP: 79/79 MP: 7/15
  1478 | D        | Killed a komodo dragon
  1478 | D        | Noticed a rime drake
  1479 | D        | Reached skill level 14 in Shields
  1479 | D        | Killed a cane toad
  1486 | D        | Killed a rime drake
  1543 | D        | Noticed an elephant
  1543 | D        | Noticed an elephant
  1543 | D        | Noticed an elephant
  1543 | D        | Noticed a cane toad
  1545 | D        | Killed an elephant
  1545 | D        | Reached ****** piety under Cheibriados
  1547 | D        | Noticed a black mamba
  1550 | D        | Reached skill level 15 in Shields
  1555 | D        | Killed an elephant
  1559 | D        | Killed an elephant
  1560 | D        | Reached skill level 10 in Invocations
  1561 | D        | Killed a cane toad
  1562 | D        | Reached skill level 10 in Fighting
  1562 | D        | Reached XP level 11. HP: 75/90 MP: 18/18
  1750 | D        | Reached skill level 16 in Shields
  1814 | D        | Noticed Grum
  1826 | D        | Killed Grum
  1897 | D        | Noticed an orc high priest
  1902 | D        | Killed an orc high priest
  2075 | D        | Noticed an orc knight
  2079 | D        | Reached skill level 5 in Evocations
  2085 | D        | Killed an orc knight
  2092 | D        | HP: 2/95 [orc warrior (14)]
  2638 | D        | Found Xerydd's Book Emporium.
  2638 | D        | Noticed an orc sorcerer
  2638 | D        | Noticed an orc sorcerer
  2639 | D        | Noticed an orc knight
  2642 | D        | Killed an orc sorcerer
  2648 | D        | Killed an orc sorcerer
  2654 | D        | Killed an orc knight
  2655 | D        | Reached XP level 12. HP: 97/103 MP: 21/21
  2656 | D        | Found Ankialet's Magic Scroll Shoppe.
  2658 | D        | Noticed an orc high priest
  2659 | D        | Found Equosa's Armour Emporium.
  2664 | D        | Noticed a soul eater
  2668 | D        | Noticed a sixfirhy
  2669 | D        | Killed an orc high priest
  2677 | D        | Found Naagat's Book Shoppe.
  2724 | D        | Bought a scroll of holy word for 82 gold pieces
  2724 | D        | Bought a scroll of magic mapping for 38 gold pieces
  2724 | D        | Bought a scroll of holy word for 82 gold pieces
  2727 | D        | Bought a book of Iron for 504 gold pieces
  2805 | D        | Noticed Josephine
  2807 | D        | Reached skill level 1 in Spellcasting
  2811 | D        | Killed Josephine
  2968 | D        | Learned a level 6 spell: Iron Shot
  2973 | D        | Learned a level 4 spell: Animate Armour
  3077 | D        | Noticed a centaur warrior
  3082 | D        | Noticed a fire giant
  3086 | D        | Killed a centaur warrior
  3091 | D        | Reached skill level 17 in Shields
  3091 | D        | Noticed a tengu warrior
  3093 | D        | Noticed a spriggan air mage
  3101 | D        | Killed a spriggan air mage
  3102 | D        | Killed a fire giant
  3102 | D        | Killed a tengu warrior
  3102 | D        | Noticed an ice dragon
  3103 | D        | Reached skill level 10 in Dodging
  3104 | D        | Noticed a deep troll earth mage
  3107 | D        | HP: 3/106 [deep troll earth mage/blast of rock fragments
                  | (14)]
  3111 | D        | Killed an ice dragon
  3112 | D        | HP: 2/106 [deep troll earth mage (11)]
  3122 | D        | Killed a deep troll earth mage
  3122 | D        | Noticed a lich
  3123 | D        | Reached skill level 5 in Spellcasting
  3127 | D        | Reached XP level 13. HP: 8/113 MP: 5/23
  3135 | D        | Noticed an ice dragon
  3136 | D        | Killed a lich
  3142 | D        | Killed from afar by an ice dragon

Illustrated notes

Levels and vault maps discovered:
D:        linesprint [early_d, line_temple, items_1, d_10, items_2, lair_1,
          lair_end, items_3, orc_1, orc_end, items_4, d_15, swamp_1, shoals_1,
          snake_1, spider_1, d_20, vaults_1, items_5, swamp_end, shoals_end,
          snake_end, spider_end, vaults_end, d_27, items_6, zot_1, zot_end,
          crypt_end, forest_end, elf_end, slime_end, tomb_end, abyss_end,
          pan_hell_end]

Skill      XL: |  1  2  3  4  5  6  7  8  9 10 11 12 |
---------------+-------------------------------------+-----
Shields        | 4 6 7 8 9 11 12 13 15 16 17 | 17.7
Long Blades    | 3 4 5 6 7 9 10 11 13 14 | 14.9
Invocations    | 1 4 5 7 10 12 13 | 13.6
Evocations     | 1 3 4 6 9 |  9.8
Fighting       | 5 6 7 10 12 14 | 14.2
Armour         | 5 7 9 10 11 13 | 13.1
Dodging        | 3 5 6 8 10 | 10.7
Spellcasting   | 5 |  5.6

Action                   |  1- 3 |  4- 6 |  7- 9 | 10-12 | 13-15 || total
-------------------------+-------+-------+-------+-------+-------++-------
Melee: Long sword        |    21 |     2 |       |       |       ||    23
       Scimitar          |       |    24 |    31 |   201 |     8 ||   264
Invok: Slouch            |       |       |     1 |    10 |       ||    11
Evoke: Wand              |       |       |     4 |     2 |     1 ||     7
  Use: Potion            |     2 |     1 |     1 |     7 |     2 ||    13
       Scroll            |       |       |       |     1 |       ||     1
 Stab: Invisible         |       |     1 |       |       |       ||     1
Armor: Scale mail        |    11 |       |       |       |       ||    11
       Chain mail        |       |     5 |    12 |    42 |     7 ||    66
Dodge: Dodged            |     7 |     8 |    12 |    79 |     9 ||   115
Block: Buckler           |     1 |     5 |    14 |    76 |     3 ||    99
